 Dungeon Crawl Stone Soup version 0.31-a0-664-g902f515a81 (webtiles) character file.

Game seed: 12326882530806681958

2666 AdnanSaban the Basher (level 9, -4/56 HPs)
             Began as a Gargoyle Fighter on Sept 2, 2023.
             Was a Priest of Okawaru.
             Slain by a water elemental (11 damage)
             ... on level 7 of the Dungeon.
             The game lasted 00:11:05 (6910 turns).

AdnanSaban the Basher (Gargoyle Fighter)            Turns: 6910, Time: 00:11:06

Health: -4/56      AC: 22    Str: 31    XL:     9   Next: 63%
Magic:  11/11      EV:  8    Int:  8    God:    Okawaru [***...]
Gold:   429        SH:  4    Dex:  9    Spells: 8/8 levels left

rFire   . . .        a - +0 flail
rCold   . . .        c - +0 buckler
rNeg    + . .        t - +0 plate armour
rPois   ∞            (no helmet)
rElec   +            x - +2 cloak
rCorr   .            (no gloves)
SInv    +            (no boots)
Will    .....        (no amulet) Stlth
                     h - ring of see invisible
HPRegen 0.29/turn    E - +6 ring of strength
MPRegen 0.12/turn

%: no passive effects
@: engulfed, slowed, very slow
A: sickness immunity, AC +6, negative energy resistance 1, electricity
resistance, torment resistance 1, petrification resistance
a: Renounce Religion, Heroism


You were on level 7 of the Dungeon.
You worshipped Okawaru.
Okawaru was most pleased with you.
You visited 2 branches of the dungeon, and saw 8 of its levels.
You also visited: Ossuary.

You collected 429 gold pieces.

Inventory:

Hand Weapons
 a - a +0 flail (weapon)
Missiles
 F - 5 darts of dispersal
 G - 2 poisoned darts
 H - 2 throwing nets
Armour
 c - a +0 buckler (worn)
 t - a +0 plate armour (worn)
 x - a +2 cloak (worn)
Jewellery
 h - a ring of see invisible (left hand)
 y - a ring of positive energy
 E - a +6 ring of strength (right hand)
Scrolls
 f - 8 scrolls of identify {unknown}
 g - 4 scrolls of fear {unknown}
 i - 2 scrolls of fog {unknown}
 l - 2 scrolls of revelation {unknown}
 m - a scroll of amnesia {unknown}
 n - 3 scrolls of poison {unknown}
 o - 6 scrolls of immolation
 q - 2 scrolls of vulnerability {unknown}
 s - 4 scrolls of enchant weapon {unknown}
 u - a scroll of brand weapon {unknown}
 D - a scroll of torment {unknown}
Potions
 b - 4 potions of haste {unknown}
 d - 2 potions of might
 e - 3 potions of attraction {unknown}
 j - a potion of ambrosia {unknown}
 k - a potion of resistance {unknown}
 p - 6 potions of curing {unknown}
 r - 3 potions of magic {unknown}
 v - 4 potions of brilliance {unknown}
 w - a potion of mutation {unknown}
 z - a potion of cancellation {unknown}
 A - 2 potions of lignification {unknown}
 B - 3 potions of heal wounds {unknown}
 C - 2 potions of invisibility {unknown}


   Skills:
 + Level 6.9 Fighting
 + Level 8.5 Maces & Flails
 + Level 6.8 Armour
 + Level 2.3 Dodging
 + Level 0.8 Stealth
 + Level 5.2 Shields
 * Level 3.3 Invocations


You had 8 spell levels left.
You didn't know any spells.
Your spell library was empty.

Dungeon Overview and Level Annotations

Branches:
Dungeon (7/15)             Temple (1/1) D:4         Ossuary (visited)

Altars:
Ashenzari
Cheibriados
Dithmenos
Elyvilon
Fedhas
Gozag
Hepliaklqana
Kikubaaqudgha
Makhleb
Nemelex Xobeh
Okawaru
Qazlal
Ru
Sif Muna
Trog
Uskayaw
Vehumet
Wu Jian
Xom
Zin
The Shining One


Innate Abilities, Weirdness & Mutations

You are immune to sickness and miasma.
Your stone body is resilient. (AC +6)
You are immune to poison.
You resist negative energy. (rN+)
You are resistant to electric shocks. (rElec)
You are resistant to unholy torment.
You are immune to petrification.


Message History

You hit the water elemental.
The water elemental is lightly damaged.
The water elemental hits you.
You hit the water elemental.
The water elemental is moderately damaged.
The water elemental hits you. x3
You hit the water elemental.
The water elemental is heavily damaged.
The water elemental hits you. You block the water elemental's attack.
You bludgeon the water elemental!!
The water elemental is almost destroyed.
The water elemental hits you. The water elemental barely misses you.
You hit the water elemental but do no damage.
The water elemental is almost destroyed.
You block the water elemental's attack. The water elemental barely misses you.
You barely miss the water elemental.
The water elemental is almost destroyed.
The water elemental hits you!
* * * LOW HITPOINT WARNING * * *
The water elemental hits you.
* * * LOW HITPOINT WARNING * * *
You sock the water elemental!
You destroy the water elemental!
Okawaru accepts your kill.
Okawaru will now gift you throwing weapons as you gain piety.
The water engulfing you falls away.
You feel like a meek peon again.
The water elemental completely misses you.
You bludgeon the water elemental!!
The water elemental is heavily damaged.
The water elemental closely misses you. The water elemental hits you.
The water elemental engulfs you in water!
You hit the water elemental.
The water elemental is heavily damaged.
The water elemental hits you.
* * * LOW HITPOINT WARNING * * *
You sock the water elemental!
The water elemental is severely damaged.
The water elemental hits you!
You die...

.......... .....
............ .....
............
.....#######............
............#####.....).
..).........#...#.......
............#...#.......
......E..)..#.......)<.)
.......@....#...........
............####.#######
.................#
........$........#
.................#
.................#
.................#
##################


You could see a water elemental.

Vanquished Creatures
  Sigmund (D:2)
  A water elemental (D:7)
  A wraith (D:7)
  A water moccasin (D:6)
  2 ice beasts
  A sky beast (D:6)
  3 black bears
  An ogre (D:6)
  The ghost of blacky4 the Shooter, an amateur DsHu (D:4)
  Blork the orc (D:5)
  A bullfrog (D:6)
  2 gnoll sergeants
  3 scorpions
  A jelly (D:6)
  An orc priest (D:3)
  2 gnoll boudas
  Crazy Yiuf (D:1)
  A human zombie (Ossuary)
  A hound (D:6)
  A sleepcap (D:6)
  Terence (D:2)
  3 iguanas
  5 orc wizards
  5 mummies
  20 gnolls
  7 adders
  A shadow imp (D:6)
  A white imp (D:6)
  An ufetubus (D:4)
  2 worms
  3 dart slugs
  21 orcs
  8 bats
  10 endoplasms
  2 giant cockroaches
  2 gnoll zombies (Ossuary)
  6 goblins
  4 hobgoblins
  2 jackals (D:4)
  4 quokkas
  9 ball pythons
  2 frilled lizards
  A goblin zombie (Ossuary)
  2 hobgoblin zombies
  7 kobolds
  A kobold zombie (Ossuary)
  3 orc zombies
  7 rats
167 creatures vanquished.

Notes
Turn   | Place    | Note
-------+----------+-------------------------------------------
     0 | D:1      | AdnanSaban the Gargoyle Fighter began the quest for the
                  | Orb.
     0 | D:1      | Reached XP level 1. HP: 14/14 MP: 1/1
    92 | D:1      | Reached XP level 2. HP: 4/19 MP: 2/2
   280 | D:1      | Reached XP level 3. HP: 21/24 MP: 3/3
   934 | D:2      | Noticed Sigmund
  1062 | D:2      | Found a sparkling altar of Nemelex Xobeh.
  1199 | D:3      | Found an ancient bone altar of Kikubaaqudgha.
  1226 | D:3      | Reached XP level 4. HP: 10/29 MP: 4/4
  1343 | D:3      | Reached skill level 3 in Maces & Flails
  1475 | D:3      | Found a snail-covered altar of Cheibriados.
  1612 | D:3      | Found a shadowy altar of Dithmenos.
  1627 | D:3      | Found a glowing golden altar of the Shining One.
  1952 | D:3      | Reached XP level 5. HP: 26/33 MP: 5/5
  1966 | D:4      | Found a runed translucent gate.
  1966 | D:4      | Found a runed translucent gate.
  1978 | D:4      | Found a runed translucent gate.
  1980 | D:4      | Noticed blacky4's ghost (amateur DsHu)
  1999 | D:4      | Reached skill level 1 in Dodging
  2156 | D:3      | Reached skill level 4 in Maces & Flails
  2209 | D:3      | Reached XP level 6. HP: 27/38 MP: 6/6
  2365 | D:4      | Found a staircase to the Ecumenical Temple.
  2377 | Temple   | Entered the Ecumenical Temple
  2382 | Temple   | Became a worshipper of Warmaster Okawaru
  2454 | D:4      | Found a blossoming altar of Fedhas.
  2545 | D:4      | Found an opulent altar of Gozag.
  2545 | D:4      | Found a glowing silver altar of Zin.
  2683 | D:4      | Found a shimmering blue altar of Sif Muna.
  2895 | D:2      | Killed Sigmund
  2896 | D:2      | Reached XP level 7. HP: 23/44 MP: 7/7
  3007 | D:2      | Reached skill level 5 in Maces & Flails
  3063 | D:2      | Found a runed translucent door.
  3063 | D:2      | Noticed Terence
  3064 | D:2      | Noticed Crazy Yiuf
  3251 | D:1      | Killed Crazy Yiuf
  3329 | D:2      | Killed Terence
  3369 | D:5      | Entered Level 5 of the Dungeon
  3369 | D:5      | Found a stormy altar of Qazlal.
  3461 | D:4      | Reached * piety under Okawaru
  3462 | D:4      | Reached skill level 5 in Armour
  3472 | D:5      | Noticed Blork the orc
  3481 | D:5      | Killed Blork the orc
  3605 | D:5      | Found a sand-covered staircase.
  3612 | Ossuary  | Entered an ossuary
  3938 | D:4      | HP: 1/44 [black bear (2)]
  3940 | D:4      | Reached skill level 5 in Fighting
  3940 | D:4      | Reached skill level 6 in Maces & Flails
  3940 | D:4      | Reached XP level 8. HP: 1/49 MP: 8/8
  4143 | D:4      | Killed blacky4's ghost
  4819 | D:5      | Reached ** piety under Okawaru
  4820 | D:5      | Reached skill level 7 in Maces & Flails
  5182 | D:6      | Reached skill level 1 in Invocations
  5246 | D:6      | Reached XP level 9. HP: 24/55 MP: 10/10
  5686 | D:6      | Reached skill level 5 in Shields
  5771 | D:6      | Found an ornate altar of the Wu Jian Council.
  6087 | D:6      | Reached skill level 8 in Maces & Flails
  6907 | D:7      | Reached *** piety under Okawaru
  6910 | D:7      | Slain by a water elemental

Illustrated notes

Levels and vault maps discovered:
D:1:      sevenhm_arrival_forest_fort_small_4, layout_basic,
          minmay_misc_feat_doors, serial_park_tiny_1, item_on_display_a
D:2:      layout_rooms, basic_altar, uniq_sigmund, uniq_crazy_yiuf_cottage,
          uniq_terence
D:3:      layout_rooms, kennysheep_slug_shrine, kiku_gazebo_pond_becter,
          mainiacjoe_overflow_catwalk_spiral, serial_park_tiny_2
D:4:      layout_rooms, grunt_temple_overflow_gold_and_silver, led_sif_book,
          fedhas_altar_3, minmay_temple_entry_tees, ebering_ghost_rock_garden
D:5:      layout_gridville, mainiacjoe_overflow_tiny_flanked,
          nicolae_ossuary_entry_giza, kennysheep_generic_room_4,
          uniq_blork_the_orc
D:6:      layout_basic, lemuel_coloured_pillars_altar
D:7:      layout_gridville, mainiacjoe_overflow_24_doors, minivault_10,
          nicolae_rank_and_phial
Temple:   hellmonk_temple_micro_hex

Skill      XL: |  1  2  3  4  5  6  7  8  9 |
---------------+----------------------------+-----
Fighting       | 4 5 6 |  6.9
Maces & Flails | 3 4 6 7 8 |  8.5
Armour         | 4 5 6 |  6.8
Dodging        | 1 2 |  2.3
Shields        | 4 5 |  5.2
Invocations    | 1 3 |  3.3
Stealth        | |  0.8

Action                     |  1- 3 |  4- 6 |  7- 9 || total
---------------------------+-------+-------+-------++-------
  Melee: Flail             |   105 |   175 |   493 ||   773
 Invoke: Heroism           |       |       |     1 ||     1
 Armour: Scale mail        |    83 |   113 |       ||   196
         Plate armour      |       |    23 |   521 ||   544
  Dodge: Dodged            |    56 |    90 |   204 ||   350
  Block: Buckler           |    20 |    59 |   126 ||   205

Table legend: (Time is in decaauts)
 A = Elapsed time spent in this place.
 B = Non-inter-level travel time spent in this place.
 C = Inter-level travel time spent in this place.
 D = Time resting spent in this place.
 E = Time spent auto-exploring this place.
 F = Levels seen in this place.
 G = Mean time per level.
                   A        B        C        D        E       F      G
               +--------+--------+--------+--------+--------+-----+--------+
         Total |   7057 |   6698 |    359 |    768 |   4041 |   9 |  784.1 |
       Dungeon |   6751 |   6396 |    355 |    750 |   3982 |   7 |  964.4 |
        Temple |     10 |      6 |      4 |      0 |      0 |   1 |   10.0 |
       Ossuary |    295 |    295 |      0 |     18 |     59 |   1 |  295.0 |
               +--------+--------+--------+--------+--------+-----+--------+

Top non-repeatable levels by time:
     D:6: 1534 daAuts
     D:4: 1206 daAuts
     D:3: 1199 daAuts
     D:1: 1044 daAuts
     D:5: 962 daAuts
     D:2: 685 daAuts
 Ossuary: 295 daAuts
     D:7: 117 daAuts
  Temple: 10 daAuts
